 Dungeon Crawl Stone Soup version 0.31-a0-152-g6aa68a64a1 (webtiles) character file.

Game seed: 16310453139520839543

5952 Gargoyl the Cleaver (level 10, 0/64 HPs)
             Began as a Gargoyle Berserker on June 11, 2023.
             Was an Elder of Trog.
             Killed by the air
             ... invoked by Gastronok
              (17 damage)
             ... on level 9 of the Dungeon.
             The game lasted 00:10:20 (6759 turns).

Gargoyl the Cleaver (Gargoyle Berserker)            Turns: 6759, Time: 00:10:21

Health: 0/64       AC: 18    Str: 21    XL:     10   Next: 84%
Magic:  10/10      EV: 12    Int:  8    God:    Trog [****..]
Gold:   447        SH:  9    Dex: 13    Spells: 9/9 levels left

rFire   . . .        b - +5 hand axe (venom)
rCold   . . .        u - +0 buckler
rNeg    + + .        s - +0 ring mail
rPois   ∞            A - +0 helmet
rElec   +            (no cloak)
rCorr   .            k - +2 pair of gloves
SInv    +            (no boots)
Will    .....        y - amulet of reflection
Stlth   ++           l - ring of see invisible
HPRegen 0.30/turn    n - ring of positive energy
MPRegen 0.12/turn

%: reflection
@: no status effects
A: sickness immunity, AC +7, negative energy resistance 1, electricity
resistance, torment resistance 1, petrification resistance
a: Renounce Religion, Berserk, Trog's Hand, Brothers in Arms


You were on level 9 of the Dungeon.
You worshipped Trog.
Trog was greatly pleased with you.
You visited 1 branch of the dungeon, and saw 9 of its levels.

You collected 585 gold pieces.
You spent 138 gold pieces at shops.

Inventory:

Hand Weapons
 a - a +1 hand axe
 b - a +5 hand axe of venom (weapon)
 B - a +3 scimitar
Missiles
 h - 21 poisoned darts (quivered)
 x - a throwing net
Armour
 k - a +2 pair of gloves (worn)
 s - a +0 ring mail (worn)
 u - a +0 buckler (worn)
 A - a +0 helmet (worn)
Jewellery
 l - a ring of see invisible (left hand)
 n - a ring of positive energy (right hand)
 y - an amulet of reflection (around neck)
 E - a ring of protection from fire
Wands
 t - a wand of charming (8)
 v - a wand of quicksilver (7)
 w - a wand of mindburst (14)
 D - a wand of flame (10)
Scrolls
 e - a scroll of noise {unknown}
 p - 2 scrolls of butterflies
 q - 3 scrolls of identify
 r - a scroll of fog
 C - a scroll of vulnerability
 F - a scroll of torment {unknown}
Potions
 c - 2 potions of enlightenment
 d - a potion of brilliance {unknown}
 f - a potion of resistance {unknown}
 g - a potion of haste {unknown}
 i - 3 potions of invisibility {unknown}
 j - 4 potions of lignification
 m - 3 potions of curing
 o - 2 potions of heal wounds {unknown}
 z - 2 potions of mutation {unknown}


   Skills:
 + Level 8.3 Fighting
 + Level 9.7 Axes
 + Level 0.8 Throwing
 + Level 7.3 Armour
 + Level 5.5 Dodging
 + Level 3.5 Stealth
 + Level 3.1 Shields


You had 9 spell levels left.
You didn't know any spells.
Your spell library was empty.

Dungeon Overview and Level Annotations

Branches:
Dungeon (10/15)            Temple (0/1) D:5             Orc (0/2) D:9
   Lair: D:8-11

Altars:
Dithmenos
Elyvilon
Fedhas
Kikubaaqudgha
Makhleb
Okawaru
Qazlal
Sif Muna
Trog
Yredelemnul

Shops:
D:5 [

Annotations:
D:9 Gastronok


Innate Abilities, Weirdness & Mutations

You are immune to sickness and miasma.
Your stone body is resilient. (AC +7)
You are immune to poison.
You resist negative energy. (rN+)
You are resistant to electric shocks. (rElec)
You are resistant to unholy torment.
You are immune to petrification.


Message History

The air twists around and strikes you.
You slash the yak!
The yak is almost dead.
You kill the yak!
Trog accepts your kill.
An acid dragon comes into view.
The acid dragon roars!
You slash the yak!
The yak is poisoned.
The yak is moderately wounded.
You block the yak's attack.
You completely miss the yak.
The yak is moderately wounded.
Gastronok waves his eye-stalks in wide circles.
The air twists around and strikes you!! The yak closely misses you.
You hit the yak.
The yak looks as sick as possible!
The yak is heavily wounded.
The yak closely misses you.
You hit the yak but do no damage.
The yak looks as sick as possible!
The yak is heavily wounded.
Gastronok waves his eye-stalks in wide circles.
The air twists around and strikes you!!
You slash the yak!
The yak looks as sick as possible!
The yak is severely wounded.
A two-headed ogre comes into view.
It is wielding a +0 dire flail and a +0 giant club.
You block the yak's attack.
You barely miss the yak.
The yak is severely wounded.
The yak barely misses you.
You barely miss the yak.
The yak is almost dead.
The two-headed ogre shouts in stereo!
The yak gores you!
* * * LOW HITPOINT WARNING * * *
You hit the yak but do no damage.
The yak is almost dead.
The yak barely misses you.
You feel better. The yak misses you.
Gastronok waves his eye-stalks in wide circles.
The air twists around and strikes you!
You die...

# #..##.....##.##..#.##
#.####..##.###.##.......#
#..>.)..##.# #..####..###
#######....###..####..#
####..........<.#
#####......>.# #.########
#.# #@# #Y# #Y# .O. .D.
#.w.# #...# .....


You could see Gastronok, a two-headed ogre, 2 yaks and an acid dragon.

Vanquished Creatures
  A boulder beetle (D:6)
  Maurice (D:9)
  Joseph (D:7)
  Maggie (D:7)
  An unseen horror (D:10)
  Prince Ribbit (D:7)
  Sigmund (D:2)
  2 yaks (D:9)
  A wraith (D:6)
  A steam dragon (D:6)
  Duvessa (D:5)
  3 ice beasts
  2 orc warriors (D:9)
  2 black bears
  A swamp drake (D:9)
  A wolf (D:5)
  An ogre (D:5)
  A kobold brigand (D:7)
  3 gnoll sergeants (D:5)
  3 bullfrogs
  5 scorpions
  2 wights (D:6)
  Dowan (D:5)
  A howler monkey (D:10)
  6 hounds
  3 jellies
  2 gnoll boudas (D:5)
  4 sleepcaps
  2 orc priests
  5 iguanas
  11 orc wizards
  13 adders
  17 gnolls (D:5)
  3 shadow imps
  2 white imps (D:6)
  2 worms
  2 dart slugs
  30 orcs
  5 ball pythons
  5 bats
  5 endoplasms
  3 giant cockroaches
  6 hobgoblins
  2 jackals (D:5)
  10 kobolds
  4 quokkas
  3 frilled lizards
  8 goblins
  14 rats
205 creatures vanquished.

Vanquished Creatures (others)
  A white imp (D:6)
1 creature vanquished.

Grand Total: 206 creatures vanquished

Notes
Turn   | Place    | Note
-------+----------+-------------------------------------------
     0 | D:1      | Gargoyl the Gargoyle Berserker began the quest for the Orb.
     0 | D:1      | Reached XP level 1. HP: 14/14 MP: 1/1
   158 | D:1      | Reached XP level 2. HP: 18/19 MP: 2/2
   258 | D:1      | Reached skill level 3 in Axes
   461 | D:1      | Reached XP level 3. HP: 23/24 MP: 3/3
   585 | D:1      | Reached ** piety under Trog
  1433 | D:2      | Reached XP level 4. HP: 27/29 MP: 4/4
  1632 | D:2      | Noticed Sigmund
  1649 | D:2      | Killed Sigmund
  1650 | D:2      | Reached skill level 4 in Axes
  1650 | D:2      | Reached skill level 1 in Stealth
  1650 | D:2      | Reached XP level 5. HP: 34/34 MP: 5/5
  1650 | D:2      | Reached XP level 6. HP: 39/39 MP: 6/6
  1983 | D:3      | Found a faded altar of an unknown god.
  2451 | D:3      | Reached *** piety under Trog
  2466 | D:3      | Found a burning altar of Makhleb.
  2625 | D:4      | Noticed a black bear
  2632 | D:4      | Killed a black bear
  2633 | D:4      | Reached skill level 5 in Axes
  2638 | D:4      | Reached XP level 7. HP: 33/44 MP: 7/7
  2832 | D:4      | Reached skill level 5 in Fighting
  3479 | D:5      | Entered Level 5 of the Dungeon
  3489 | D:5      | Reached skill level 6 in Axes
  3489 | D:5      | Reached XP level 8. HP: 50/50 MP: 8/8
  3620 | D:5      | Noticed Duvessa
  3621 | D:5      | Noticed Dowan
  3631 | D:5      | Killed Duvessa
  3648 | D:5      | Killed Dowan
  4117 | D:5      | Reached skill level 7 in Axes
  4125 | D:5      | Reached XP level 9. HP: 25/56 MP: 9/9
  4285 | D:5      | Reached **** piety under Trog
  4442 | D:5      | Found Zisarreiru's Armour Boutique.
  4460 | D:5      | Reached skill level 5 in Armour
  4467 | D:5      | Bought the +0 chain mail "Epyl" {Rampage +Blink rC- Regen+}
                  | for 138 gold pieces
  4508 | D:5      | Found a staircase to the Ecumenical Temple.
  4732 | D:6      | Identified the +5 dagger of Zis Atz {flame, Contam Will++}
  5167 | D:6      | Reached skill level 8 in Axes
  5245 | D:6      | Reached skill level 1 in Shields
  5327 | D:6      | Noticed a boulder beetle
  5350 | D:6      | Killed a boulder beetle
  5351 | D:6      | Reached skill level 5 in Dodging
  5351 | D:6      | Reached XP level 10. HP: 37/63 MP: 10/10
  5379 | D:6      | Identified the +0 pair of boots "Gozxepux" {Will- Regen+
                  | MP+9 Str+5}
  5487 | D:6      | Identified the staff of fire "Fyled" {rElec rF+ Dex-5 SInv
                  | Stlth+}
  5998 | D:7      | Noticed Prince Ribbit
  5998 | D:7      | Noticed Maggie
  6013 | D:7      | Killed Maggie
  6019 | D:7      | Noticed Joseph
  6032 | D:7      | Killed Joseph
  6033 | D:7      | Reached skill level 9 in Axes
  6034 | D:7      | Killed Prince Ribbit
  6219 | D:7      | Found a stormy altar of Qazlal.
  6219 | D:7      | Found an iron altar of Okawaru.
  6221 | D:7      | Found a white marble altar of Elyvilon.
  6221 | D:7      | Found an ancient bone altar of Kikubaaqudgha.
  6222 | D:7      | Found a basalt altar of Yredelemnul.
  6222 | D:7      | Found a shimmering blue altar of Sif Muna.
  6224 | D:7      | Found a shadowy altar of Dithmenos.
  6224 | D:7      | Found a bloodstained altar of Trog.
  6224 | D:7      | Found a blossoming altar of Fedhas.
  6282 | D:7      | You fall into a shaft and drop 3 floors!
  6282 | D:10     | Entered Level 10 of the Dungeon
  6333 | D:10     | Noticed an unseen horror
  6345 | D:10     | Killed an unseen horror
  6353 | D:9      | Noticed Maurice
  6368 | D:9      | Killed Maurice
  6582 | D:9      | Found a staircase to the Orcish Mines.
  6744 | D:9      | Noticed Gastronok
  6755 | D:9      | Noticed a two-headed ogre
  6759 | D:9      | Killed from afar by Gastronok

Illustrated notes

Levels and vault maps discovered:
D:1:      dpeg_arrival_morbid_curiosity, layout_basic
D:2:      layout_loops_cross, minmay_rat_gold_closets, uniq_sigmund
D:3:      layout_basic, mainiacjoe_overflow_alcove_2,
          shapermc_ecumenical_altar_mp_urbaneastern
D:4:      layout_cave_pods
D:5:      layout_cave_pools, minmay_temple_entry_junction, serial_gnoll_camp,
          gnoll_camp_mini_sergeant, gnoll_camp_huts_basic,
          gnoll_camp_mini_doghouse, gnoll_camp_mini_shop, gnoll_camp_mini_house,
          minmay_quadrilaterals, uniq_duvessa
D:6:      kennysheep_windowed_halls, layout_gridville, moated_statue
D:7:      layout_loops_cross, nicolae_overflows_in_rows, uniq_prince_ribbit1,
          uniq_maggie, uniq_joseph
D:9:      layout_loops_cross, erik_orc_1, ebering_ghost_rock_garden,
          uniq_gastronok, uniq_maurice
D:10:     layout_rooms, nemelex_spade_bored_becter

Skill      XL: |  1  2  3  4  5  6  7  8  9 10 |
---------------+-------------------------------+-----
Axes           | 3 4 5 6 7 8 9 |  9.7
Fighting       | 4 5 6 7 8 |  8.3
Dodging        | 2 3 4 5 |  5.5
Stealth        | 1 2 3 |  3.5
Armour         | 3 4 5 7 |  7.3
Shields        | 1 3 |  3.1
Throwing       | |  0.8

Action                     |  1- 3 |  4- 6 |  7- 9 | 10-12 || total
---------------------------+-------+-------+-------+-------++-------
  Melee: Hand axe          |   119 |    89 |   285 |   135 ||   628
         Punch             |     1 |     1 |     2 |       ||     4
  Throw: Dart              |       |       |     7 |       ||     7
 Invoke: Berserk           |       |     2 |     8 |     3 ||    13
         Trog's Hand       |       |     1 |     4 |     2 ||     7
    Use: Scroll            |     2 |     6 |     5 |     2 ||    15
         Potion            |       |       |     3 |     3 ||     6
   Stab: Sleeping          |     2 |     1 |       |       ||     3
         Confused          |       |       |       |     3 ||     3
 Armour: Animal skin       |    64 |    36 |       |       ||   100
         Ring mail         |       |       |   195 |    47 ||   242
         Skin              |       |       |     3 |     4 ||     7
  Dodge: Dodged            |    96 |    57 |   228 |    55 ||   436
  Block: Buckler           |       |       |    33 |    34 ||    67
         Reflection        |       |       |       |     1 ||     1

Table legend: (Time is in decaauts)
 A = Elapsed time spent in this place.
 B = Non-inter-level travel time spent in this place.
 C = Inter-level travel time spent in this place.
 D = Time resting spent in this place.
 E = Time spent auto-exploring this place.
 F = Levels seen in this place.
 G = Mean time per level.
                   A        B        C        D        E       F      G
               +--------+--------+--------+--------+--------+-----+--------+
         Total |   6964 |   6866 |     98 |    194 |   4858 |   9 |  773.8 |
       Dungeon |   6964 |   6866 |     98 |    194 |   4858 |   9 |  773.8 |
               +--------+--------+--------+--------+--------+-----+--------+

Top non-repeatable levels by time:
     D:6: 1283 daAuts
     D:5: 1188 daAuts
     D:1: 1059 daAuts
     D:4: 930 daAuts
     D:2: 860 daAuts
     D:3: 711 daAuts
     D:7: 447 daAuts
     D:9: 416 daAuts
    D:10: 67 daAuts
